[Event "Titled Tuesday Blitz May 16 Early 2023"]
[White "Tatarinov, Dmitry"]
[Black "LangesNasenhaar"]
[WhiteFideId "24160067"]
[WhiteElo "2326"]
[BlackElo "2420"]
[Result "1-0"]
[Round "02"]
[TimeControl "180+2"]
[Date "2023.05.16"]
[WhiteClock "0:00:28"]
[BlackClock "0:00:00"]

1. e4 d6 2. d4 Nf6 3. Nc3 Nbd7 4. g3 e5 5. Bg2 Be7 6. Nge2 c6 7. O-O O-O 8. a4 exd4 9. Nxd4 Re8 10. h3 Bf8 11. Re1 a5 12. Bf4 Nc5 13. Qd2 h6 14. Rad1 Qb6 15. b3 Bd7 16. g4 Rad8 17. Kh1 Bc8 18. f3 Nh7 19. Nce2 Ne6 20. Be3 Qc7 21. Nf5 d5 22. exd5 Rxd5 23. Qc3 Rxf5 24. gxf5 Bb4 25. Qd3 Neg5 26. c3 Bf8 27. f4 Qe7 28. Ng3 Nxh3 29. Bxh3 Qh4 30. Kg2 Nf6 31. Bf2 Nd5 32. Qxd5 Rxe1 33. Qf3 Rxd1 34. Qxd1 Qf6 35. Qd4 Qe7 36. Qe5 Qa3 37. Qe8 1-0


[Site "https://www.chess.com"]

[Event "Titled Tuesday Blitz May 16 Early 2023"]
[White "Kalajzic, Ivan"]
[Black "Prohaszka, Peter"]
[WhiteFideId "14506378"]
[BlackFideId "726265"]
[WhiteElo "2203"]
[BlackElo "2626"]
[Result "1-0"]
[Round "02"]
[TimeControl "180+2"]
[Date "2023.05.16"]
[WhiteClock "0:00:15"]
[BlackClock "0:00:00"]

1. b3 d5 2. Bb2 Bf5 3. e3 e6 4. Nf3 h6 5. d4 Nf6 6. Bd3 c6 7. Nbd2 Nbd7 8. O-O Bd6 9. Ne5 Ne4 10. f3 Nxd2 11. Qxd2 Bxd3 12. Nxd3 Qh4 13. g3 Qh5 14. e4 O-O 15. e5 Bc7 16. Nf4 Qf5 17. g4 Qh7 18. Qd3 Bb6 19. Kg2 Rfe8 20. Qxh7+ Kxh7 21. c4 dxc4 22. bxc4 c5 23. d5 exd5 24. Nxd5 Nxe5 25. Bxe5 Rxe5 26. Rfe1 Rae8 27. Rxe5 Rxe5 28. Kf2 Bd8 29. Rd1 Bh4+ 30. Kf1 f5 31. h3 fxg4 32. hxg4 b6 33. a4 h5 34. gxh5 Rxh5 35. Ke2 Re5+ 36. Kd3 Bf2 37. Rh1+ Kg8 38. Rh2 Bd4 39. Ra2 Kf7 40. f4 Rh5 41. Ke4 Rh1 42. a5 Re1+ 43. Kf3 Rb1 44. axb6 axb6 45. Ra7+ Kg6 46. Rb7 Rc1 47. Nxb6 Rb1 48. Ke4 Rb2 49. Rb8 Kh7 50. Nd7 Re2+ 51. Kd5 Re7 52. Nxc5 Be3 53. Ne6 Rd7+ 54. Ke5 Ra7 55. c5 1-0


[Site "https://www.chess.com"]

[Event "Titled Tuesday Blitz May 16 Early 2023"]
[White "Gurevich, Dmitry"]
[Black "Halkias, Stelios"]
[WhiteFideId "2000407"]
[BlackFideId "4201809"]
[WhiteElo "2506"]
[BlackElo "2451"]
[Result "0-1"]
[Round "02"]
[TimeControl "180+2"]
[Date "2023.05.16"]
[WhiteClock "0:00:00"]
[BlackClock "0:00:15"]

1. d4 Nf6 2. c4 e6 3. Nc3 d5 4. Nf3 c5 5. cxd5 exd5 6. Bg5 Be6 7. e3 c4 8. Be2 Nbd7 9. O-O Bb4 10. a3 Bxc3 11. bxc3 O-O 12. Nd2 Qa5 13. Qc2 Rfe8 14. f3 g6 15. Bxf6 Nxf6 16. e4 b5 17. e5 Nd7 18. g4 f5 19. h3 Rf8 20. Kh2 Nb6 21. f4 Na4 22. Rac1 Qd8 23. Rf2 Qe7 24. Rg1 Qxa3 25. Rf3 Kh8 26. Rfg3 a6 27. h4 fxg4 28. Nb1 Qb2 29. Qxb2 Nxb2 30. Bxg4 Bxg4 31. Rxg4 Rf5 32. Nd2 Nd3 33. Nf3 a5 34. Ng5 a4 35. Ra1 a3 36. h5 Rxf4 37. Rg3 Rh4+ 38. Kg2 Nf4+ 39. Kf3 Nxh5 40. Rgg1 Rf8+ 41. Ke3 Ng7 42. e6 Nxe6 43. Nxe6 Re4+ 44. Kd2 Rf2+ 45. Kd1 Rxe6 46. Rxa3 Kg7 47. Ra7+ Rf7 0-1


[Site "https://www.chess.com"]

[Event "Titled Tuesday Blitz May 16 Early 2023"]
[White "AnujShrivatri21"]
[Black "Urbina Perez, Juan Antonio"]
[BlackFideId "2217368"]
[WhiteElo "2702"]
[BlackElo "2197"]
[Result "1-0"]
[Round "02"]
[TimeControl "180+2"]
[Date "2023.05.16"]
[WhiteClock "0:00:52"]
[BlackClock "0:01:09"]

1. c4 c6 2. Nf3 d5 3. d4 Nf6 4. Qc2 dxc4 5. Qxc4 b5 6. Qc2 Bb7 7. Bg5 e6 8. e4 h6 9. Bh4 g5 10. Bg3 g4 11. Ne5 Qxd4 12. Nd2 Bb4 13. O-O-O Bxd2+ 14. Rxd2 Qxe4 15. Bd3 Qa4 16. Qxa4 bxa4 17. Nc4 Ba6 18. Bxb8 Bxc4 19. Be5 Bxd3 20. Bxf6 O-O 21. Rxd3 1-0


[Site "https://www.chess.com"]

[Event "Titled Tuesday Blitz May 16 Early 2023"]
[White "Tarasova, Viktoriya"]
[Black "Dimitrov, Atanas"]
[WhiteFideId "4175840"]
[BlackFideId "2901315"]
[WhiteElo "2182"]
[BlackElo "2702"]
[Result "0-1"]
[Round "02"]
[TimeControl "180+2"]
[Date "2023.05.16"]
[WhiteClock "0:00:06"]
[BlackClock "0:00:16"]

1. d4 d5 2. c4 e6 3. Nc3 Nf6 4. cxd5 exd5 5. Bg5 Be7 6. Qc2 O-O 7. e3 b6 8. Bd3 h6 9. Bh4 Bb7 10. Nge2 Nbd7 11. O-O c5 12. Rad1 Ne4 13. Bxe7 Qxe7 14. Nxe4 dxe4 15. Bb5 cxd4 16. Nxd4 Rac8 17. Qe2 Ne5 18. Nf5 Qg5 19. Nd6 Rc7 20. Nxb7 Rxb7 21. Kh1 Rc7 22. Rd5 Qe7 23. Ba6 Rd8 24. Rxd8+ Qxd8 25. Rd1 Rd7 26. Rxd7 Qxd7 27. h3 g6 28. Qc2 Qd5 29. a3 h5 30. Kh2 Qd6 31. Kh1 Qd5 32. Kh2 Kg7 33. Qc3 Kh7 34. Be2 Qd6 35. Kh1 Nd7 36. Qc4 Qe7 37. Qd5 Nf6 38. Qd4 Nd7 39. Bc4 Kg8 40. Qd5 Nf6 41. Qd4 Ne8 42. Bb3 Nd6 43. Bc2 Qc7 44. Bxe4 Nxe4 45. Qxe4 Qc1+ 46. Kh2 Qxb2 47. Qe8+ Kg7 48. Qe7 Qxf2 49. Qxa7 Qxe3 50. Qc7 Qc5 51. Qg3 Kf6 52. Qf3+ Ke6 53. Qe4+ Qe5+ 54. Qxe5+ Kxe5 55. Kg3 Kd4 56. Kf4 f6 57. g4 hxg4 58. hxg4 Kc4 59. Ke4 Kb3 60. Kd5 Kxa3 61. Ke6 f5 62. g5 f4 63. Kf6 f3 64. Kxg6 f2 65. Kh7 f1=Q 66. g6 Qf5 67. Kg7 b5 68. Kh6 b4 69. g7 Qf6+ 70. Kh7 Qf7 71. Kh8 Qh5+ 72. Kg8 b3 0-1


[Site "https://www.chess.com"]

[Event "Titled Tuesday Blitz May 16 Early 2023"]
[White "Orzech, Dominik"]
[Black "Prraneeth Vuppala"]
[WhiteFideId "1115065"]
[BlackFideId "46622373"]
[WhiteElo "2260"]
[BlackElo "2299"]
[Result "1-0"]
[Round "02"]
[TimeControl "180+2"]
[Date "2023.05.16"]
[WhiteClock "0:00:14"]
[BlackClock "0:00:04"]

1. d4 g6 2. e4 Bg7 3. Nc3 c6 4. Nf3 d5 5. h3 dxe4 6. Nxe4 Nf6 7. Nxf6+ exf6 8. Bd3 O-O 9. O-O f5 10. Re1 Nd7 11. Bf4 Nb6 12. Bg5 Bf6 13. Bxf6 Qxf6 14. Qd2 Be6 15. b3 Rad8 16. c4 Rd7 17. a4 Rfd8 18. a5 Na8 19. Qb4 Nc7 20. Ne5 Rxd4 21. Qxb7 Ne8 22. Rad1 Nd6 23. Qxa7 Ne4 24. Nxc6 Rxd3 25. Nxd8 Qxd8 26. Rxd3 Qxd3 27. Qb8+ Kg7 28. a6 Qd4 29. Rf1 Bd7 30. a7 Bc6 31. a8=Q Bxa8 32. Qxa8 Nc3 33. Qf3 Ne4 34. Qe3 Qb2 35. c5 Nd2 36. Rd1 Nxb3 37. c6 Qc2 38. Rd6 Nc5 39. Qe5+ Kh6 40. Rd4 Ne4 41. f3 Qc1+ 42. Kh2 Nf2 43. Rh4+ Kg5 44. Qg3+ Kf6 45. Qxf2 Qxc6 46. Qd4+ Kg5 47. Rxh7 Qc7+ 48. f4+ Qxf4+ 49. Qxf4+ Kxf4 50. Rxf7 Kg5 51. g3 Kh6 52. Kg2 Kg5 53. Kf3 Kh6 54. h4 1-0


[Site "https://www.chess.com"]

[Event "Titled Tuesday Blitz May 16 Early 2023"]
[White "Rastbod, Ali"]
[Black "Melikhov, Evgeny V."]
[WhiteFideId "12567477"]
[BlackFideId "4122046"]
[WhiteElo "2274"]
[BlackElo "2158"]
[Result "1-0"]
[Round "02"]
[TimeControl "180+2"]
[Date "2023.05.16"]
[WhiteClock "0:00:52"]
[BlackClock "0:00:37"]

1. Nf3 f5 2. d3 d6 3. e4 e5 4. Nc3 c5 5. g3 Nc6 6. Nh4 fxe4 7. dxe4 Nf6 8. Bg5 Be6 9. Nf5 Bxf5 10. exf5 h6 11. Bxf6 Qxf6 12. Nd5 Qf7 13. Bc4 Qd7 14. Qh5+ Kd8 15. O-O-O Na5 16. Be2 Rc8 17. Kb1 Qe8 18. Qg4 Nc6 19. c3 Ne7 20. Ne3 Qd7 21. Qe4 Kc7 22. Rd2 Qc6 23. Bf3 Qxe4+ 24. Bxe4 Nc6 25. Rhd1 h5 26. h4 Rh6 27. Bd5 Ne7 28. Be6 Rd8 29. b4 b6 30. a4 Rf6 31. g4 hxg4 32. Nxg4 Rxf5 33. Bxf5 Nxf5 34. Nxe5 Re8 35. Ng6 1-0


[Site "https://www.chess.com"]

[Event "Titled Tuesday Blitz May 16 Early 2023"]
[White "Fan_Of_Chucky"]
[Black "McCoy, Owen"]
[BlackFideId "30924502"]
[WhiteElo "2355"]
[BlackElo "2692"]
[Result "1/2-1/2"]
[Round "02"]
[TimeControl "180+2"]
[Date "2023.05.16"]
[WhiteClock "0:00:05"]
[BlackClock "0:00:05"]

1. d4 Nf6 2. c4 g6 3. Nc3 Bg7 4. e4 d6 5. h3 O-O 6. Be3 e5 7. d5 Na6 8. g4 Nc5 9. f3 a5 10. Qd2 h5 11. g5 Nfd7 12. h4 f6 13. gxf6 Rxf6 14. Bg5 Qf8 15. Bxf6 Nxf6 16. Nh3 Bxh3 17. Bxh3 Bh6 18. Qe2 Kh7 19. Kd1 Ne8 20. Kc2 Qf4 21. Rag1 a4 22. Qg2 Qf7 23. Qf2 c6 24. Rh2 Nf6 25. Rhg2 Rg8 26. Rxg6 Nfxe4 27. Nxe4 Rxg6 28. Nxc5 dxc5 29. Qxc5 Rxg1 30. Qxg1 Qxf3 31. Bg2 Qe2+ 32. Kb1 Qd3+ 33. Ka1 e4 34. Qh1 Qxc4 35. Bxe4+ Kh8 36. dxc6 bxc6 37. Bxc6 a3 38. bxa3 Bg7+ 39. Kb1 Qd3+ 40. Kc1 Bh6+ 41. Kb2 Bg7+ 42. Kc1 Qc3+ 43. Kd1 Qa1+ 44. Ke2 Qxa2+ 45. Kd3 Qxa3+ 46. Kc4 Qc3+ 47. Kd5 Qe5+ 48. Kc4 Qd4+ 49. Kb5 Qb2+ 50. Kc4 Qc3+ 51. Kb5 Qd3+ 52. Kb6 Bd4+ 53. Kc7 Be5+ 54. Kb7 Qb3+ 55. Kc8 Qb8+ 56. Kd7 Qd6+ 57. Ke8 Bf6 58. Qe4 Bg7 59. Kf7 Qf6+ 60. Ke8 Qf8+ 61. Kd7 Qf7+ 62. Kc8 Qf8+ 63. Qe8 Qxe8+ 64. Bxe8 Bf6 65. Bxh5 Bxh4 1/2-1/2


[Site "https://www.chess.com"]

[Event "Titled Tuesday Blitz May 16 Early 2023"]
[White "Hua, Lefong"]
[Black "Skaric, Djuro"]
[WhiteFideId "2602253"]
[BlackFideId "934569"]
[WhiteElo "2692"]
[BlackElo "2282"]
[Result "1-0"]
[Round "02"]
[TimeControl "180+2"]
[Date "2023.05.16"]
[WhiteClock "0:01:08"]
[BlackClock "0:00:47"]

1. d4 d6 2. e4 g6 3. c4 Bg7 4. f4 Nf6 5. Nc3 O-O 6. Nf3 c5 7. d5 e6 8. Be2 exd5 9. cxd5 Re8 10. Nd2 Na6 11. O-O Nc7 12. a4 a6 13. Bf3 Bd7 14. Nc4 b5 15. Nxd6 b4 16. Nb1 Rf8 17. e5 Nfe8 18. Nxe8 Nxe8 19. Nd2 Rb8 20. b3 Nc7 21. Nc4 Na8 22. Be3 g5 23. Bxc5 gxf4 24. Bxf8 Qxf8 25. Qd4 Rc8 26. Qxf4 Nb6 27. Nxb6 Qc5+ 28. Kh1 Qxb6 29. Bh5 Rf8 30. Bxf7+ Kh8 31. Rae1 Be8 32. e6 Bxf7 33. exf7 Qd8 34. d6 Bc3 35. Re8 Rxe8 36. fxe8=Q+ Qxe8 37. Qf8+ Qxf8 38. Rxf8+ Kg7 39. d7 1-0


[Site "https://www.chess.com"]

[Event "Titled Tuesday Blitz May 16 Early 2023"]
[White "Vaglio Munoz, Jaime"]
[Black "Krysa, Leandro"]
[WhiteFideId "6500145"]
[BlackFideId "116807"]
[WhiteElo "2199"]
[BlackElo "2489"]
[Result "1-0"]
[Round "02"]
[TimeControl "180+2"]
[Date "2023.05.16"]
[WhiteClock "0:00:41"]
[BlackClock "0:00:00"]

1. Nf3 Nf6 2. c4 c5 3. b3 g6 4. Bb2 Bg7 5. g3 b6 6. Bg2 Bb7 7. O-O O-O 8. d3 d6 9. a3 Nbd7 10. b4 e6 11. b5 Qc7 12. a4 Rfe8 13. a5 Rad8 14. axb6 axb6 15. Nc3 d5 16. Qb3 d4 17. Nb1 e5 18. Nbd2 e4 19. Ng5 e3 20. Ra7 Rb8 21. fxe3 Rxe3 22. Qd1 Qc8 23. Nge4 Nxe4 24. Nxe4 Bxe4 25. Bxe4 Rxe4 26. dxe4 Ne5 27. e3 Rb7 28. Rxb7 Qxb7 29. exd4 Nxc4 30. d5 Bxb2 31. Qa4 Bd4+ 32. Kh1 Nd2 33. Qa6 Qe7 34. Qc8+ Kg7 35. Re1 Nxe4 36. Kg2 Qe5 37. Qc6 Qf5 38. Re2 Nf6 39. d6 Qd3 40. Qf3 Qxb5 41. g4 g5 42. Re1 h6 43. Rf1 Qd7 44. Qg3 Qe6 45. h3 Nd7 46. Qf3 1-0


[Site "https://www.chess.com"]

[Event "Titled Tuesday Blitz May 16 Early 2023"]
[White "Marcziter, Dmitrii"]
[Black "Seemann, Jakub"]
[WhiteFideId "13900765"]
[BlackFideId "21874697"]
[WhiteElo "2162"]
[BlackElo "2364"]
[Result "0-1"]
[Round "02"]
[TimeControl "180+2"]
[Date "2023.05.16"]
[WhiteClock "0:01:08"]
[BlackClock "0:01:37"]

1. e4 c5 2. Nc3 d6 3. f4 Nc6 4. Nf3 g6 5. Bc4 Bg7 6. d3 Nf6 7. O-O O-O 8. h3 Nd4 9. Nxd4 cxd4 10. Ne2 d5 11. exd5 Nxd5 12. Ng3 a6 13. a4 b6 14. Qe2 Bb7 15. Bd2 Rc8 16. Rae1 e6 17. Ne4 Qd7 18. Bb3 Bc6 19. Ra1 Rfd8 20. Kh1 a5 21. Qf2 Ne3 22. Bxe3 dxe3 23. Qxe3 Bxb2 24. Rab1 Bd4 25. Qg3 Bxa4 26. c3 Bg7 27. d4 Bxb3 28. Rxb3 Qc6 29. Nd2 a4 30. Rbb1 Qxc3 31. Qxc3 Rxc3 32. Nf3 Rb8 33. Rb4 b5 34. Rfb1 a3 35. Kh2 Bf8 36. Rxb5 Rxb5 37. Rxb5 a2 38. Ra5 Ra3 0-1


[Site "https://www.chess.com"]

[Event "Titled Tuesday Blitz May 16 Early 2023"]
[White "Mendez Fortes, Eduardo Jesus"]
[Black "Maung, Maung Kyaw Zaw Hein"]
[WhiteFideId "3502376"]
[BlackFideId "13001698"]
[WhiteElo "2307"]
[BlackElo "2019"]
[Result "1-0"]
[Round "02"]
[TimeControl "180+2"]
[Date "2023.05.16"]
[WhiteClock "0:00:45"]
[BlackClock "0:00:50"]

1. e4 c6 2. d4 d5 3. Nc3 dxe4 4. Nxe4 Bf5 5. Ng3 Bg6 6. Nh3 e6 7. Nf4 Bd6 8. h4 Qc7 9. Nxg6 hxg6 10. Ne4 Nf6 11. Ng5 Nbd7 12. c3 Bf4 13. Bxf4 Qxf4 14. g3 Qd6 15. Bg2 O-O 16. Qc2 e5 17. O-O-O Rfe8 18. dxe5 Qxe5 19. Kb1 Rad8 20. Qb3 Re7 21. f4 Qe2 22. Bf3 Qe3 23. a3 Qb6 24. Qxb6 axb6 25. h5 gxh5 26. Bxh5 Nxh5 27. Rxh5 f6 28. Rdh1 fxg5 29. Rh8+ Kf7 30. Rxd8 gxf4 31. gxf4 Nc5 32. Rhh8 Re2 33. f5 Kf6 34. Rdf8+ Kg5 35. Rh7 Na4 36. Rxg7+ Kh6 37. Rg6+ Kh7 38. Rf7+ Kh8 39. f6 Rxb2+ 40. Kc1 Re2 41. Rh6+ Kg8 42. Rg7+ 1-0


[Site "https://www.chess.com"]

[Event "Titled Tuesday Blitz May 16 Early 2023"]
[White "I_KID_you_not"]
[Black "Arabidze, Meri"]
[BlackFideId "13604040"]
[WhiteElo "2311"]
[BlackElo "2405"]
[Result "1-0"]
[Round "02"]
[TimeControl "180+2"]
[Date "2023.05.16"]
[WhiteClock "0:00:06"]
[BlackClock "0:00:02"]

1. d4 f5 2. Nc3 Nf6 3. Bf4 g6 4. h4 Nh5 5. Bh2 Bg7 6. e3 Nf6 7. Bf4 h6 8. Qd3 d6 9. O-O-O Nc6 10. Be2 O-O 11. Nh3 Bd7 12. h5 e5 13. dxe5 dxe5 14. Bg3 g5 15. Qc4+ Kh7 16. f4 exf4 17. exf4 g4 18. Ng5+ hxg5 19. fxg5 Nxh5 20. Rxh5+ Kg6 21. Rdh1 Rh8 22. Rxh8 Qxg5+ 23. Bf4 Rxh8 24. Rxh8 Qf6 25. Qg8 Be6 26. Qh7+ Kf7 27. Qh5+ Qg6 28. Qxg6+ Kxg6 29. Re8 Nd4 30. Bd3 Bf7 31. Re7 c5 32. Rxb7 c4 33. Bxc4 Ne6 34. Bxe6 Bxe6 35. Rxa7 Bd4 36. Ra6 Kf7 37. Rxe6 Kxe6 38. Kd2 Bf2 39. g3 Bb6 40. a4 Ba5 41. Kd3 Bb4 42. Kc4 Bd6 43. Bxd6 Kxd6 44. Kd4 Ke6 45. b4 f4 46. gxf4 Kf5 47. Ke3 g3 48. Kf3 g2 49. Kxg2 1-0


[Site "https://www.chess.com"]

[Event "Titled Tuesday Blitz May 16 Early 2023"]
[White "Sakun, Volodymyr"]
[Black "Labussiere, Yago"]
[WhiteFideId "14114062"]
[BlackFideId "2186969"]
[WhiteElo "2318"]
[BlackElo "2160"]
[Result "1-0"]
[Round "02"]
[TimeControl "180+2"]
[Date "2023.05.16"]
[WhiteClock "0:00:30"]
[BlackClock "0:00:00"]

1. e4 c5 2. Nf3 Nc6 3. Bb5 g6 4. O-O Bg7 5. h3 e5 6. c3 Nge7 7. d3 O-O 8. Be3 b6 9. d4 exd4 10. cxd4 d6 11. Nc3 Bb7 12. Qd2 a6 13. Be2 Re8 14. Rad1 Qc7 15. dxc5 dxc5 16. Nd5 Nxd5 17. exd5 Ne5 18. Bf4 Rad8 19. d6 Qc6 20. Rfe1 b5 21. Bg5 Rd7 22. Be7 Nc4 23. Bxc4 bxc4 24. Re3 h6 25. Qc2 Qb5 26. Ne5 Rdxe7 27. dxe7 Rxe7 28. Nxc4 Rxe3 29. Nxe3 Qxb2 30. Qxb2 Bxb2 31. Rb1 1-0


[Site "https://www.chess.com"]

[Event "Titled Tuesday Blitz May 16 Early 2023"]
[White "Nitish Belurkar"]
[Black "Rosh Jain"]
[WhiteFideId "5084768"]
[BlackFideId "25789465"]
[WhiteElo "2352"]
[BlackElo "2233"]
[Result "1-0"]
[Round "02"]
[TimeControl "180+2"]
[Date "2023.05.16"]
[WhiteClock "0:02:15"]
[BlackClock "0:01:25"]

1. d4 Nf6 2. Nf3 e6 3. Nbd2 d5 4. e3 c5 5. c3 Nc6 6. Bd3 Bd6 7. O-O O-O 8. Qe2 b6 9. e4 dxe4 10. Nxe4 Bb7 11. Nxf6+ Qxf6 12. Bg5 Nxd4 13. cxd4 Bxf3 14. Qd2 Qxd4 15. gxf3 h6 16. Be3 Qe5 17. f4 Qh5 18. Bc2 Rfd8 19. Qd1 Qh4 20. Qf3 Bc7 21. Rad1 Rac8 22. Kh1 Bb8 23. Qe4 g6 24. Rg1 Kf8 25. Qb7 Qh5 26. a3 Bd6 27. Rxd6 Rxd6 28. Qxc8+ Kg7 29. Qb7 Rd5 30. Be4 Rd1 31. Bf3 Rxg1+ 32. Kxg1 Qf5 33. Qe4 Qh3 34. Qe5+ Kg8 35. Qe4 Kg7 36. Bg2 Qg4 37. h3 Qd1+ 38. Kh2 Qa1 39. Qe5+ Kg8 40. f5 exf5 41. Bxh6 Qxb2 42. Qxb2 f6 43. Qxf6 Kh7 44. Qg7# 1-0


[Site "https://www.chess.com"]

[Event "Titled Tuesday Blitz May 16 Early 2023"]
[White "Goldin, Roman"]
[Black "Volkov, Maksim"]
[WhiteFideId "2803860"]
[BlackFideId "54123070"]
[WhiteElo "2312"]
[BlackElo "2297"]
[Result "0-1"]
[Round "02"]
[TimeControl "180+2"]
[Date "2023.05.16"]
[WhiteClock "0:00:02"]
[BlackClock "0:00:05"]

1. e4 c5 2. Nf3 d6 3. Bc4 Nc6 4. O-O Nf6 5. d3 g6 6. Ng5 e6 7. a3 Bg7 8. Ba2 h6 9. Nh3 e5 10. f4 Bg4 11. Qe1 Nd4 12. Qf2 Qd7 13. fxe5 dxe5 14. Nc3 Bxh3 15. gxh3 O-O 16. Qg2 Kh7 17. Nd5 Nxd5 18. Bxd5 f5 19. c3 Nc6 20. exf5 gxf5 21. Be3 Qd6 22. Kh1 Rf6 23. Rg1 Qd7 24. Bxc5 Rd8 25. c4 b6 26. Bf2 Rc8 27. Rae1 Rd6 28. h4 Rc7 29. h5 Qe8 30. Be3 Qxh5 31. Ref1 f4 32. Be4+ Kh8 33. Bf2 Nd8 34. b3 Ne6 35. Be1 Ng5 36. Bc3 Nh3 37. Rf3 Nxg1 38. Kxg1 Qg5 39. Qxg5 hxg5 40. Rh3+ Kg8 41. Rh5 g4 42. Rg5 Rcd7 43. Rxg4 Kf8 44. Kf2 Rxd3 45. Bxd3 Rxd3 46. Bb4+ Kf7 47. Rg1 Rxb3 48. Rd1 e4 49. Rd7+ Kg6 50. h4 Rb2+ 51. Kf1 Be5 52. Re7 Kf5 53. Rxe5+ Kg4 54. Bc3 Rb1+ 55. Ke2 e3 56. Kd3 Rd1+ 57. Ke2 Rh1 58. Rg5+ Kh3 59. Rg8 Rh2+ 60. Kd3 Rf2 61. Be5 e2 62. Kd2 f3 63. Rg3+ Kxh4 64. Rxf3 Rxf3 65. Kxe2 Rxa3 66. Bb8 Kg4 67. Bd6 Ra2+ 68. Kd3 Kf5 69. c5 bxc5 70. Bxc5 Ke6 71. Kc4 Ra1 72. Kb5 Kd5 73. Bb4 Rb1 74. Ka5 Kc4 75. Bd6 Rb5+ 76. Ka6 Rb6+ 0-1


[Site "https://www.chess.com"]

[Event "Titled Tuesday Blitz May 16 Early 2023"]
[White "Simonian, Hrair"]
[Black "Jodorcovsky Werjivker, Paulo"]
[WhiteFideId "13302337"]
[BlackFideId "3700305"]
[WhiteElo "2447"]
[BlackElo "2120"]
[Result "1-0"]
[Round "02"]
[TimeControl "180+2"]
[Date "2023.05.16"]
[WhiteClock "0:00:56"]
[BlackClock "0:01:23"]

1. e4 e5 2. Nf3 Nc6 3. Bb5 a6 4. Ba4 Nf6 5. O-O Be7 6. Bxc6 dxc6 7. d3 Bd6 8. Nbd2 Nd7 9. Nc4 f6 10. Nh4 Nc5 11. Qh5+ Ke7 12. f4 Qe8 13. Nf5+ Bxf5 14. Qxf5 exf4 15. Bxf4 Qg6 16. Bxd6+ cxd6 17. Qf4 Rad8 18. Rae1 Ne6 19. Qf2 b5 20. Na5 Rc8 21. Qb6 Qe8 22. d4 Qd8 23. Nxc6+ Rxc6 24. Qxc6 Nxd4 25. Qd5 Qb6 26. Kh1 Nc6 27. c4 Ne5 28. cxb5 axb5 29. Rc1 Ng4 30. Rc6 Qb8 31. Rfc1 Rd8 32. Rc7+ Rd7 33. Rxd7+ Kxd7 34. Qf7+ 1-0


[Site "https://www.chess.com"]

[Event "Titled Tuesday Blitz May 16 Early 2023"]
[White "mjelcic"]
[Black "MKlose11"]
[WhiteElo "2250"]
[BlackElo "2668"]
[Result "0-1"]
[Round "02"]
[TimeControl "180+2"]
[Date "2023.05.16"]
[WhiteClock "0:00:30"]
[BlackClock "0:00:54"]

1. c4 Nf6 2. g3 c5 3. Bg2 Nc6 4. Nc3 d6 5. e4 g6 6. Nge2 Bg7 7. O-O O-O 8. d3 Bd7 9. h3 Ne8 10. Be3 Nc7 11. f4 Ne6 12. Qd2 Ned4 13. Kh2 Rb8 14. b3 a6 15. Rae1 b5 16. g4 bxc4 17. dxc4 a5 18. Nd5 Nxe2 19. Rxe2 a4 20. bxa4 Nd4 21. Bxd4 Bxd4 22. Qd3 Bxa4 23. Rb1 e6 24. Ne3 Rxb1 25. Qxb1 Qc7 26. Qd3 Rb8 27. Nc2 Bxc2 28. Rxc2 Qa5 29. Kg3 Qe1+ 30. Kf3 Rb1 31. Re2 Qg1 32. f5 g5 33. e5 Rf1+ 34. Bxf1 Qxf1+ 35. Kg3 Bxe5+ 36. Rxe5 Qxd3+ 0-1


[Site "https://www.chess.com"]

[Event "Titled Tuesday Blitz May 16 Early 2023"]
[White "Riff, Vincent"]
[Black "Wimalasuriya, Kasun M."]
[WhiteFideId "617776"]
[BlackFideId "9906789"]
[WhiteElo "2369"]
[BlackElo "2241"]
[Result "1-0"]
[Round "02"]
[TimeControl "180+2"]
[Date "2023.05.16"]
[WhiteClock "0:02:21"]
[BlackClock "0:01:29"]

1. e4 c5 2. Nf3 Nc6 3. d4 cxd4 4. Nxd4 e5 5. Nb5 d6 6. N1c3 a6 7. Nd5 axb5 8. Be3 Qa5+ 9. c3 Ra6 10. Bxb5 Nf6 11. Bxa6 bxa6 12. Bb6 Nxd5 13. Bxa5 Nf4 14. g3 Nxa5 15. gxf4 Nc6 16. Qa4 Bd7 17. Qxa6 exf4 18. O-O-O Be7 19. Qa8+ Bd8 20. Rxd6 1-0


[Site "https://www.chess.com"]

[Event "Titled Tuesday Blitz May 16 Early 2023"]
[White "Da Matta, Eduardo Cesar"]
[Black "Itgelt, Khuyagtsogt"]
[WhiteFideId "2193108"]
[BlackFideId "4902912"]
[WhiteElo "1981"]
[BlackElo "2227"]
[Result "0-1"]
[Round "02"]
[TimeControl "180+2"]
[Date "2023.05.16"]
[WhiteClock "0:00:03"]
[BlackClock "0:00:05"]

1. d4 Nf6 2. c4 g6 3. Nc3 d5 4. Bf4 Bg7 5. e3 O-O 6. Rc1 c5 7. dxc5 Ne4 8. Nxe4 dxe4 9. Qxd8 Rxd8 10. b4 a5 11. b5 Bb2 12. Rc2 Ba3 13. Ne2 Bxc5 14. Ng3 Bb4+ 15. Ke2 Bg4+ 16. f3 exf3+ 17. gxf3 Be6 18. Bxb8 Raxb8 19. Ne4 Rbc8 20. Kf2 h6 21. Be2 f5 22. Ng3 Bc5 23. Rd1 f4 24. Nf1 Bxe3+ 25. Nxe3 fxe3+ 26. Kxe3 Rxd1 27. Bxd1 Rxc4 28. Rxc4 Bxc4 29. b6 Bxa2 30. f4 Bd5 31. Kd4 e6 32. Ke5 Kf7 33. Ba4 Ke7 34. Bc2 Kf7 35. Kd6 Kf6 36. h4 Bc6 37. Bb3 a4 38. Bxe6 a3 39. Ba2 Be4 40. Kc5 Kf5 41. Kb4 Kxf4 42. Kxa3 g5 43. hxg5 Kxg5 44. Bb3 h5 45. Kb4 h4 46. Kc5 h3 47. Bd5 Bxd5 48. Kxd5 h2 49. Kd6 h1=Q 50. Kc7 Qc6+ 0-1


[Site "https://www.chess.com"]

[Event "Titled Tuesday Blitz May 16 Early 2023"]
[White "Borgaonkar Akshay"]
[Black "Rodriguez Polo, Mateo"]
[WhiteFideId "25639110"]
[BlackFideId "24509396"]
[WhiteElo "2063"]
[BlackElo "2117"]
[Result "1/2-1/2"]
[Round "02"]
[TimeControl "180+2"]
[Date "2023.05.16"]
[WhiteClock "0:00:44"]
[BlackClock "0:00:17"]

1. d4 Nf6 2. Nc3 d5 3. Bf4 c5 4. e4 Nxe4 5. Nxe4 dxe4 6. dxc5 Qa5+ 7. c3 Qxc5 8. Qa4+ Nc6 9. Qxe4 Bf5 10. Qe3 e5 11. Nf3 Bd6 12. Qxc5 Bxc5 13. Nxe5 Nxe5 14. Bxe5 O-O 15. O-O-O Bxf2 16. Bd4 Bxd4 17. Rxd4 Rad8 18. Rxd8 Rxd8 19. Be2 Be4 20. Rg1 g6 21. g3 Kg7 22. Rf1 Bd5 23. Rd1 Rd7 24. Bf3 Be6 25. Rxd7 Bxd7 26. Bxb7 Kf6 27. Kd2 g5 28. Ke3 Ke5 29. c4 a5 30. b3 f5 31. c5 Be6 32. Ba6 f4+ 33. gxf4+ gxf4+ 34. Kf2 Bd5 35. Bb5 h6 36. Ba4 Be4 37. a3 Kd5 38. b4 axb4 39. axb4 Kc4 40. c6 Bxc6 41. Bxc6 Kxb4 42. Kf3 Kc5 43. Ba4 Kd6 44. Kxf4 Ke7 45. Kf5 Kf7 46. Bb3+ Kg7 47. Ke6 Kh8 48. h4 h5 49. Kf6 Kh7 50. Kf7 Kh8 51. Bd1 Kh7 52. Bxh5 Kh8 53. Bg6 1/2-1/2


[Site "https://www.chess.com"]

[Event "Titled Tuesday Blitz May 16 Early 2023"]
[White "dDobravcan"]
[Black "Florescu, Codrut-Constantin"]
[BlackFideId "1202200"]
[WhiteElo "2132"]
[BlackElo "2191"]
[Result "0-1"]
[Round "02"]
[TimeControl "180+2"]
[Date "2023.05.16"]
[WhiteClock "0:00:00"]
[BlackClock "0:00:41"]

1. d4 Nf6 2. Nc3 d5 3. Bf4 a6 4. e3 e6 5. Nf3 b5 6. Bd3 Bb7 7. Ne5 c5 8. dxc5 Bxc5 9. O-O O-O 10. Qe2 Bd6 11. e4 d4 12. Nb1 Qc7 13. Nxf7 Bxf4 14. e5 Rxf7 15. exf6 Bxh2+ 16. Kh1 Rxf6 17. Qh5 Nd7 18. Bxh7+ Kf8 19. Bg6 Ke7 20. Qh7 Rxg6 21. Qxg6 Be5 22. Kg1 Rh8 23. f4 Bf6 24. Nd2 Nc5 25. Rae1 Bd5 26. b4 Nd7 27. Ne4 Qxc2 28. Rf2 Bxe4 29. Rxe4 Qc1+ 30. Rf1 Rh1+ 31. Kxh1 Qxf1+ 32. Kh2 Qf2 33. Qg4 e5 34. Re2 Qh4+ 35. Qxh4 Bxh4 36. fxe5 Ke6 37. Kh3 Bg5 38. Re4 Be3 39. Rg4 g5 40. Re4 Nxe5 0-1


[Site "https://www.chess.com"]

[Event "Titled Tuesday Blitz May 16 Early 2023"]
[White "Bluebaum, Matthias"]
[Black "Shuvalov, Evgenij"]
[WhiteFideId "24651516"]
[BlackFideId "4187237"]
[WhiteElo "2639"]
[BlackElo "2080"]
[Result "1-0"]
[Round "02"]
[TimeControl "180+2"]
[Date "2023.05.16"]
[WhiteClock "0:03:00"]
[BlackClock "0:00:01"]

1. d4 Nf6 2. c4 g6 3. Nc3 d5 4. cxd5 Nxd5 5. e4 Nxc3 6. bxc3 Bg7 7. Nf3 c5 8. Bb5+ Nc6 9. O-O O-O 10. Bxc6 bxc6 11. Qc2 cxd4 12. cxd4 Bg4 13. Ne5 Qxd4 14. Bb2 Qb6 15. Rab1 Be6 16. Nxg6 hxg6 17. Bxg7 Qa5 18. Bxf8 Rxf8 19. Qxc6 Qxa2 20. Ra1 Qe2 21. Rfe1 1-0


[Site "https://www.chess.com"]